 Dungeon Crawl Stone Soup version 0.28-a0-724-g66f9036eb4 (webtiles) character file.

Game seed: 14423763983409820825

42 ytrimaz the Chopper (level 3, 0/27 HPs)
             Began as a Demonspawn Gladiator on Oct 26, 2021.
             Frozen to death by an endoplasm (5 damage)
             ... on level 1 of the Dungeon.
             The game lasted 00:02:56 (1469 turns).

ytrimaz the Chopper (Demonspawn Gladiator)          Turns: 1469, Time: 00:02:56

Health: 0/27       AC: 13    Str: 15    XL:     3   Next: 33%
Magic:  3/3        EV: 12    Int:  9    God:
Gold:   11         SH:  0    Dex: 14    Spells: 2/2 levels left

rFire   . . .      SeeInvis .   a - +0 war axe
rCold   . . .      Faith    .   (no shield)
rNeg    . . .      Spirit   .   b - +0 leather armour
rPois   .          Reflect  .   c - +0 helmet
rElec   .          Harm     .   (no cloak)
rCorr   .          Rampage  .   (no gloves)
Will    .....                   (no boots)
Stlth   +.........              (no amulet)
HPRegen 0.09/turn               (no ring)
MPRegen 0.08/turn               (no ring)

@: sanguine armoured
A: sanguine armour 2
a: no special abilities


You were on level 1 of the Dungeon.
You visited 1 branch of the dungeon, and saw 1 of its levels.

You collected 11 gold pieces.

Inventory:

Hand Weapons
 a - a +0 war axe (weapon)
Missiles
 d - 3 throwing nets (quivered)
Armour
 b - a +0 leather armour (worn)
 c - a +0 helmet (worn)
 f - a +0 buckler
Scrolls
 g - a scroll of teleportation {unknown}
Potions
 e - a potion of curing {unknown}


   Skills:
 + Level 2.3 Fighting
 + Level 3.3 Axes
 - Level 1.7 Throwing
 * Level 1.1 Armour
 - Level 2.6 Dodging
 * Level 0.6 Shields
 + Level 0.8 Invocations


You had 2 spell levels left.
You didn't know any spells.
Your spell library was empty.

Dungeon Overview and Level Annotations

Branches:
Dungeon (1/15)

Altars:


Innate Abilities, Weirdness & Mutations

When seriously injured, your bleeding wounds create thick armour. (AC +9)


Message History

The jackal is moderately wounded.
The jackal bites you. The jackal misses you.
You slash the jackal!
You kill the jackal!
The giant cockroach waves its antennae.
The endoplasm closely misses you. The giant cockroach barely misses you.
The rat bites you but does no damage. The rat closely misses you.
There is an open translucent door here.
You see here a giant cockroach corpse.
You slash the rat!
You kill the rat!
You hit the endoplasm. You hit the giant cockroach.
You kill the giant cockroach!
You hit the rat.
You kill the rat!
The endoplasm freezes you.
You are frozen.
Your blood congeals into armour.
The giant cockroach completely misses you.
The endoplasm freezes you.
You are frozen.
The endoplasm hits you.
You slash the endoplasm!
You kill the endoplasm!
You hit the giant cockroach.
You kill the giant cockroach!
You hit the endoplasm.
The endoplasm jiggles.
The endoplasm hits you but does no damage.
The jackal bites you but does no damage.
You hit the endoplasm.
The endoplasm is almost dead.
Your leather armour prevents you from hitting the endoplasm.
You barely miss the jackal. The endoplasm freezes you.
You are frozen.
The jackal misses you. The endoplasm freezes you.
You are frozen.
* * * LOW HITPOINT WARNING * * *
The endoplasm freezes you.
You are frozen.
You die...

#............####.### #...
#............####..# #...
#..................# #...
#..###+#######'###.# #...
#..#..⌠...>...⌠..#.# #...
#..#......<......#.# #...
#..'⌠....###....⌠+.# #...
#..#......†......#.# #...
#..#######@#######.# ####
#..#.....JJh.....#.########
#..#.....BB......#.#.......
##.#.............#.#.######
#.###############.#.#.....
#.............^...#.#.###.
############.####...#.#...
#........#.#.#.
########.#.#.#.


You could see 2 endoplasms, a jackal and 2 giant cockroaches.

Vanquished Creatures
  An endoplasm (D:1)
  6 giant cockroaches (D:1)
  4 goblins (D:1)
  2 jackals (D:1)
  A quokka (D:1)
  4 ball pythons (D:1)
  2 bats (D:1)
  4 frilled lizards (D:1)
  8 kobolds (D:1)
  6 rats (D:1)
38 creatures vanquished.

Vanquished Creatures (others)
  4 plants (D:1)
4 creatures vanquished.

Grand Total: 42 creatures vanquished

Notes
Turn   | Place    | Note
-------+----------+-------------------------------------------
     0 | D:1      | ytrimaz the Demonspawn Gladiator began the quest for the
                  | Orb.
     0 | D:1      | Reached XP level 1. HP: 16/16 MP: 1/1
     1 | D:1      | Found a runed translucent door.
   387 | D:1      | Gained mutation: When seriously injured, your bleeding
                  | wounds create armour. (AC +9) [demonic ancestry]
   387 | D:1      | Reached XP level 2. HP: 16/22 MP: 2/2
   502 | D:1      | Reached skill level 3 in Axes
   818 | D:1      | Reached skill level 1 in Armour
   818 | D:1      | Gained mutation: When seriously injured, your bleeding
                  | wounds create thick armour. (AC +9) [demonic ancestry]
   818 | D:1      | Reached XP level 3. HP: 12/27 MP: 3/3
  1469 | D:1      | Frozen to death by an endoplasm

Illustrated notes

Levels and vault maps discovered:
D:1:      dpeg_arrival_caged_fury, layout_basic, corexii_corridor_pit,
          serial_park_tiny_pond, lexackson_kobold_supper

Skill      XL: |  1  2 |
---------------+-------+-----
Axes           | 3 |  3.3
Armour         | 1 |  1.1
Fighting       | |  2.3
Throwing       | |  1.7
Dodging        | |  2.6
Shields        | |  0.6
Invocations    | |  0.8

Action                   || total
-------------------------++-------
Melee: War axe           ||   120
 Stab: Sleeping          ||     1
Armor: Leather armour    ||    58
Dodge: Dodged            ||   108

Table legend: (Time is in decaauts)
 A = Elapsed time spent in this place.
 B = Non-inter-level travel time spent in this place.
 C = Inter-level travel time spent in this place.
 D = Time resting spent in this place.
 E = Time spent auto-exploring this place.
 F = Levels seen in this place.
 G = Mean time per level.
                   A        B        C        D        E       F      G
               +--------+--------+--------+--------+--------+-----+--------+
         Total |   1511 |   1511 |      0 |      0 |   1216 |   1 | 1511.0 |
       Dungeon |   1511 |   1511 |      0 |      0 |   1216 |   1 | 1511.0 |
               +--------+--------+--------+--------+--------+-----+--------+

Top non-repeatable levels by time:
     D:1: 1511 daAuts
